 Dungeon Crawl Stone Soup version 0.26-a0-810-ge1a9524b62 (webtiles) character file.

Game seed: 5211430218464723355

39 JolietJake the Magician (level 3, -1/23 HPs)
             Began as an Octopode Wanderer on Nov 12, 2020.
             Slain by an adder (2 damage)
             ... on level 1 of the Dungeon.
             The game lasted 00:07:28 (905 turns).

JolietJake the Magician (Octopode Wanderer)          Turns: 905, Time: 00:07:29

Health: -1/23      AC:  1    Str: 13    XL:     3   Next: 45%
Magic:  7/8        EV: 12    Int: 12    God:
Gold:   76         SH:  0    Dex: 12    Spells: 7/10 levels left

rFire    . . .     SeeInvis .   a - +0 dagger
rCold    . . .     Faith    .   (no shield)
rNeg     . . .     Spirit   .   (helmet restricted)
rPois    .         Reflect  .   (no amulet)
rElec    .         Harm     .   c - ring of stealth
rCorr    .         Rampage  .   i - ring of protection from magic
MR       +....                  (no ring)
Stlth    ++++......             (no ring)
HPRegen  0.07/turn              (no ring)
MPRegen  0.11/turn              (no ring)
                                (no ring)
                                (no ring)

@: mighty, lethally poisoned (-1 -> -11)
A: almost no armour, stealthy swim, amphibious, 8 rings, constrict 8, camouflage
1, gelatinous body 1
a: no special abilities


You were on level 1 of the Dungeon.
You visited 1 branch of the dungeon, and saw 2 of its levels.

You collected 76 gold pieces.

Inventory:

Hand Weapons
 a - a +0 dagger (weapon)
 e - a +0 hand axe
 j - a +0 club
 k - a +0 mace
Missiles
 g - 21 stones
 h - 30 arrows
 l - 5 boomerangs (quivered)
 m - 4 bolts
 p - 16 sling bullets
Jewellery
 c - a ring of stealth (left tentacle)
 i - a ring of protection from magic (right tentacle)
Scrolls
 b - a scroll of magic mapping {unknown}
 d - 2 scrolls of enchant armour {unknown}
 f - 3 scrolls of identify {unknown}
 n - 2 scrolls of remove curse {unknown}
 q - a scroll of teleportation {unknown}
Potions
 o - a potion of magic {unknown}
 r - a potion of flight {unknown}
 s - a potion of might
 t - a potion of brilliance {unknown}


   Skills:
 + Level 1.1 Fighting
 * Level 1.3 Short Blades
 + Level 1.0 Dodging
 + Level 1.7 Stealth
   Level 1.0 Shields
 - Level 4.1 Spellcasting
 - Level 3.0 Hexes
   Level 1.0 Summonings
   Level 1.1 Evocations


You had 7 spell levels left.
You knew the following spells:

 Your Spells              Type           Power        Failure   Level
a - Foxfire               Conj/Fire      #...         22%         1
b - Ensorcelled Hibernat  Hex/Ice        #.....       19%         2

Your spell library contained the following spells:

 Spells                   Type           Power        Failure   Level
 Corona                   Hex            #......      6%          1
 Confusing Touch          Hex            #.......     19%         3
 Tukima's Dance           Hex            #.......     19%         3
 Apportation              Tloc           #.....       22%         1
 Dazzling Flash           Conj/Hex       #.....       34%         3
 Gell's Gravitas          Tloc           #.........   54%         3
 Static Discharge         Conj/Air       #.......     54%         3


Dungeon Overview and Level Annotations

Branches:
Dungeon (2/15)

Altars:


Innate Abilities, Weirdness & Mutations

You cannot wear most types of armour.
You are very stealthy in the water. (Stealth+)
You are amphibious.
You can wear up to eight rings at the same time.
You can use your tentacles to constrict eight enemies at once.
Your skin changes colour to match your surroundings (Stealth+).
Your rubbery body absorbs attacks. (AC +1, EV +1)


Message History

You feel sick. The adder bites you but does no damage.
You closely miss the adder. Your grab misses the adder.
Your squeeze misses the adder.
The adder is severely wounded.
* * * LOW HITPOINT WARNING * * *
You feel sick. The adder closely misses you.
You closely miss the adder. Your grab misses the adder.
The adder is severely wounded.
* * * LOW HITPOINT WARNING * * *
You feel sick. The adder bites you.
* * * LOW HITPOINT WARNING * * *
You hit the adder. Your grab misses the adder.
You squeeze the adder, but do no damage.
The adder is almost dead.
The adder closely misses you.
It was a potion of might.
You feel very mighty all of a sudden.
* * * LOW HITPOINT WARNING * * *
You feel sick. The adder barely misses you. The adder bites you.
You die...

#.# ##...##...## #.....###..
#.#
##..........####.....##..#
#.#
#.........................
#.#
#)...............#..>####.
#.# #............###...###
##. #.# ##..........##
#..######.. #.# ##...##...##
#.....##..# #.#
##.####.######.###...... #.#
##.# #@###....# ###.[## #.#
#..# #S##..######...## #.#
##.## ##.##.## #..##### #.#
#..# #..##)######.#####. #.#
##.## #.......)..........
#.# #..# ####..######.###...
#.# ##.## ##.####..........
#.#
#..########.......#........
#.#
##.###........######..####..


You could see an adder.

Vanquished Creatures
  An adder (D:2)
  An ooze (D:1)
  A dart slug (D:1)
  2 leopard geckos (D:1)
  2 bats
  A giant cockroach (D:1)
  A goblin (D:1)
  5 hobgoblins (D:1)
  2 frilled lizards
  3 kobolds
  3 rats
22 creatures vanquished.

Notes
Turn   | Place    | Note
-------+----------+-------------------------------------------
     0 | D:1      | JolietJake the Octopode Wanderer began the quest for the
                  | Orb.
     0 | D:1      | JolietJake set off with the following items: a +0 club; and
                  | the following spells available to memorise: Corona,
                  | Ensorcelled Hibernation, Confusing Touch, Tukima's Dance,
                  | Apportation, Foxfire, Dazzling Flash, Gell's Gravitas,
                  | Static Discharge
     0 | D:1      | Reached XP level 1. HP: 11/11 MP: 5/5
     2 | D:1      | Learned a level 1 spell: Foxfire
   336 | D:1      | Reached XP level 2. HP: 16/18 MP: 7/7
   385 | D:1      | Reached skill level 1 in Stealth
   481 | D:1      | Reached skill level 1 in Short Blades
   639 | D:1      | Reached XP level 3. HP: 22/22 MP: 8/8
   861 | D:1      | Learned a level 2 spell: Ensorcelled Hibernation
   897 | D:2      | Reached skill level 1 in Fighting
   897 | D:2      | Reached skill level 1 in Dodging
   903 | D:1      | HP: 1/23 [adder (3)]
   905 | D:1      | Slain by an adder

Illustrated notes

Levels and vault maps discovered:
D:1:      lightli_arrival_maybe_door_vault, layout_rooms
D:2:      layout_loops_cross, uniq_jessica, uniq_robin

Skill      XL: |  1  2  3 |
---------------+----------+-----
Stealth        | 1 |  1.7
Short Blades   | 1 |  1.3
Fighting       | 1 |  1.1
Dodging        | 1 |  1.0
Shields        | |  1.0
Spellcasting   | |  4.1
Hexes          | |  3.0
Summonings     | |  1.0
Evocations     | |  1.1

Action                   || total
-------------------------++-------
Melee: Club              ||     6
       Constrict         ||    10
       Tentacles         ||    13
       Dagger            ||    40
Throw: Stone             ||     4
 Cast: Ensorcelled Hiber ||     1
  Use: Potion            ||     1
 Stab: Sleeping          ||     4
Armor: Skin              ||     5
Dodge: Dodged            ||    32

Table legend: (Time is in decaauts)
 A = Elapsed time spent in this place.
 B = Non-inter-level travel time spent in this place.
 C = Inter-level travel time spent in this place.
 D = Time resting spent in this place.
 E = Time spent auto-exploring this place.
 F = Levels seen in this place.
 G = Mean time per level.
                   A        B        C        D        E       F      G
               +--------+--------+--------+--------+--------+-----+--------+
         Total |    901 |    892 |      9 |    219 |    334 |   2 |  450.5 |
       Dungeon |    901 |    892 |      9 |    219 |    334 |   2 |  450.5 |
               +--------+--------+--------+--------+--------+-----+--------+

Top non-repeatable levels by time:
     D:1: 872 daAuts
     D:2: 29 daAuts
